 Dungeon Crawl Stone Soup version 0.24-a0-249-g2af7e83 (webtiles) character file.

Game seed: 13464498479762628551

48498 Partyfoot the Covert (level 14, -4/86 HPs)
             Began as a Kobold Enchanter on Apr 12, 2019.
             Was a High Priest of Nemelex Xobeh.
             Slain by a wyvern (9 damage)
             ... summoned by the player character
             ... on level 5 of the Lair of Beasts on Apr 13, 2019.
             The game lasted 02:54:02 (26401 turns).

Partyfoot the Covert (Kobold Enchanter)            Turns: 26401, Time: 02:54:02

Health: -4/86      AC: 14    Str:  6    XL:     14   Next: 87%
Magic:  26/26      EV: 23    Int: 20    God:    Nemelex Xobeh [*****.]
Gold:   1099       SH:  0    Dex: 18    Spells: 14/29 levels left

rFire    . . .     SeeInvis .   x - +10 dagger "Jereewumm" {freeze, rC+}
rCold    + + .     Gourm    .   E - +0 buckler
rNeg     + . .     Faith    .   H - +0 troll leather armour
rPois    .         Spirit   .   (helmet restricted)
rElec    .         Reflect  .   l - +2 cloak
rCorr    .         Harm     .   t - +1 pair of gloves
MR       +....                  V - +2 pair of boots {Fly}
Stlth    +.........             J - amulet of magic regeneration
HPRegen  0.64/turn              U - ring of Noon {+Inv rC+ rN+ AC+2 Slay+2 Stlth-}
MPRegen  0.45/turn              F - ring of stealth

@: confused, lethally poisoned (-4 -> -5), flying, contaminated, glowing,
invisible (but backlit and visible)
A: small, beak, repulsion field 1, carnivore, clever 1
a: Draw Escape, Draw Destruction, Draw Summoning, Triple Draw, Deal Four, Stack
Five, Renounce Religion, Stop Flying


You were on level 5 of the Lair of Beasts.
You worshipped Nemelex Xobeh.
Nemelex Xobeh was extremely pleased with you.
You were very full.

You visited 2 branches of the dungeon, and saw 16 of its levels.
You also visited: Sewer, Ossuary, Gauntlet and Ice Cave.

You collected 1099 gold pieces.

Inventory:

Hand Weapons
 b - a +4 rapier of flaming
 x - the +10 dagger "Jereewumm" (weapon) {freeze, rC+}
   (You found it in an ice cave)

   It has been specially enchanted to freeze those struck by it, causing extra
   injury to most foes and up to half again as much damage against particularly
   susceptible opponents.
   It can also slow down cold-blooded creatures.
   It protects you from cold.
 Q - a +0 rapier of piercing
Missiles
 k - 489 stones (quivered)
 v - 3 exploding tomahawks
 N - 2 throwing nets
Armour
 l - a +2 cloak (worn)
 t - a +1 pair of gloves (worn)
 z - a scarf of resistance
 E - a +0 buckler (worn)
 H - a +0 troll leather armour (worn)
 R - a +0 leather armour of positive energy
 V - a +2 pair of boots of flying (worn)
Jewellery
 o - an uncursed ring of flight {unknown}
 r - an uncursed ring of see invisible
 F - a ring of stealth (right hand)
 I - the ring "Bypeujun" {rCorr Str+4}
   (You found it on level 5 of the Lair of Beasts)

   [ring of resist corrosion]

   It affects your strength (+4).
 J - an amulet of magic regeneration (around neck)
 T - the amulet of Budet {RegenMP rC+ rN+ Str-4}
   (You found it in a Gauntlet)

   [amulet of magic regeneration]

   It increases your magic regeneration.
   It affects your strength (-4).
   It protects you from cold.
   It protects you from negative energy.
 U - the ring of Noon (left hand) {+Inv rC+ rN+ AC+2 Slay+2 Stlth-}
   (You found it in a Gauntlet)

   [ring of protection]

   It affects your AC (+2).
   It affects your accuracy and damage with ranged weapons and melee attacks
   (+2).
   It protects you from cold.
   It protects you from negative energy.
   It lets you turn invisible.
   It makes you less stealthy.
Wands
 e - a wand of disintegration (18)
 y - a wand of digging (17)
 M - a wand of polymorph (5)
Scrolls
 i - a scroll of enchant armour
 s - 5 scrolls of teleportation
 w - a scroll of magic mapping
 C - 2 scrolls of vulnerability
 D - 5 scrolls of remove curse
 G - a scroll of torment
 L - a scroll of blinking
 W - 2 scrolls of fear
Potions
 f - 2 potions of cancellation
 g - 2 potions of berserk rage
 h - a potion of ambrosia
 m - 5 potions of lignification
 n - 3 potions of agility
 p - 2 potions of magic
 q - a potion of haste
 B - 6 potions of curing
 K - 2 potions of mutation
 Y - a potion of brilliance
Miscellaneous
 c - a box of beasts
 u - a phantom mirror
Comestibles
 a - 4 chunks of flesh
 d - 33 rations


   Skills:
 + Level 9.6 Fighting
 + Level 11.2 Short Blades
 + Level 9.4 Dodging
 - Level 11.2 Stealth
 - Level 5.6 Shields
 + Level 8.1 Spellcasting
 - Level 7.1 Hexes
 - Level 3.0 Charms
 + Level 5.4 Ice Magic
 - Level 3.1 Air Magic
 - Level 10.0 Invocations
 * Level 10.6 Evocations


You had 14 spell levels left.
You knew the following spells:

 Your Spells              Type           Power        Failure   Level  Hunger
a - Swiftness             Chrm/Air       ###.....     5%          2    None
b - Ensorcelled Hibernat  Hex/Ice        ####..       1%          2    None
c - Tukima's Dance        Hex            #####...     1%          3    None
d - Confuse               Hex            #####...     1%          3    None
e - Metabolic Englaciati  Hex/Ice        ####......   26%         5    #####..

Your spell library contained the following spells:

 Spells                   Type           Power        Failure   Level  Hunger
 Confusing Touch          Hex            #####.       1%          1    None
 Corona                   Hex            #####..      1%          1    None
 Freeze                   Ice            ####         1%          1    None
 Throw Frost              Conj/Ice       ###...       6%          2    None
 Shock                    Conj/Air       ##..         7%          1    None
 Ozocubu's Armour         Chrm/Ice       ####....     7%          3    None
 Dazzling Spray           Conj/Hex       ###...       9%          3    None
 Animate Skeleton         Necr           N/A          13%         1    None
 Pain                     Necr           #...         13%         1    None
 Sandblast                Erth           #.....       13%         1    None
 Passwall                 Tmut/Erth      #.......     21%         2    None
 Static Discharge         Conj/Air       ##......     21%         3    None
 Regeneration             Chrm/Necr      ##........   22%         3    None
 Airstrike                Air            ###.......   34%         4    ###....
 Gell's Gravitas          Tloc           #.........   36%         3    None
 Ignite Poison            Fire/Tmut/Pois #.......     36%         3    None
 Stone Arrow              Conj/Erth      #.....       36%         3    None
 Vampiric Draining        Necr           #.........   36%         3    None
 Summon Ice Beast         Ice/Summ       ###.....     38%         4    ###....
 Throw Icicle             Conj/Ice       ###.....     38%         4    ###....
 Yara's Violent Unravell  Hex/Tmut       ###.......   63%         5    #####..
 Animate Dead             Necr           N/A          78%         4    ###....
 Petrify                  Tmut/Erth      #.......     78%         4    ###....
 Lightning Bolt           Conj/Air       ##........   88%         5    #####..
 Fireball                 Conj/Fire      #.........   98%         5    #####..
 Lee's Rapid Deconstruct  Erth           #.........   98%         5    #####..
 Bolt of Fire             Conj/Fire      #.........   100%        6    ######.
 Ring of Flames           Chrm/Fire      ##........   100%        7    #######
 Ignition                 Fire           #.........   100%        8    #######


Dungeon Overview and Level Annotations

Branches:
Dungeon (10/15)            Temple (0/1) D:5            Lair (6/6) D:10
 Shoals (0/4) Lair:3        Snake (0/4) Lair:3          Orc (0/2) D:10
  Slime: Lair:5-6

Altars:
Cheibriados
Elyvilon
Gozag
Kikubaaqudgha
Makhleb
Nemelex Xobeh
Okawaru
Qazlal
Ru
Sif Muna
Trog
Vehumet
Xom
Yredelemnul
Zin

Annotations:
D:5 exclusion: door
D:7 2 runed translucent doors, waywinkle's ghost, novice DsNe
Lair:6 exclusions: oklob plant and 1 more exclusion, Kirke


Innate Abilities, Weirdness & Mutations

You are small and have problems with some larger weapons.
You are carnivorous and can eat meat at any time.
You have a beak for a mouth.
You are surrounded by a mild repulsion field. (EV +2)
Your mind is acute. (Int +2)


Message History

The death yak gores your wyvern but does no damage.
The spiny frog stings your wyvern!!
Your wyvern is poisoned.
The spiny frog poisons your wyvern! The wyvern closely misses you.
Your wyvern barely misses the death yak.
Your wyvern bites the polar bear but does no damage.
Your wyvern bites the spiny frog!
You are confused.
You feel invigorated.
You feel sick. The wyvern bites you!
* * * LOW HITPOINT WARNING * * *
Your wyvern bites the wyvern but does no damage.
Your wyvern bites the polar bear!
The polar bear dies!
The death yak closely misses your wyvern.
The spiny frog stings your wyvern!
Your wyvern dies!
Your wyvern's corpse disappears in a puff of smoke!
The wyvern bites you!
You die...
Your body glows with a rainbow of weird colours and disappears.

...........#....#..##.P##
......###.P.#...P..##.##
......###.........###..#####
....#.#.......#.P.......#..####
.......###..#......#..#.#.#...###
.......# #P......................
.......####...........##.....P##.
....#P..##...#....#..####.#.####.
..P....####....l@..### #######..
..##..........§ll...# #...
.......P.P##.lFYP#### ### #...
...###.P####.#ll#######.## ##..
..##.#.P## ##....#.##.#..## #..
...##....## ##............# ##..
....##.##.# #..>.......^.# #.P.
....#..#(## #...#.###.#>.# #P.P
..###....# ###..## ##..## #..#


You could see a death yak, a spiny frog, 2 wyverns and 4 friendly wyverns.

Vanquished Creatures
  A minotaur (Gauntlet)
  2 hydras
  Harold (D:10)
  A catoblepas (Lair:3)
  Urug (Lair:6)
  Sonja (D:10)
  2 unseen horrors
  A necromancer (IceCv)
  A manticore (Lair:4)
  5 black mambas
  11 elephants
  Joseph (D:8)
  4 ice statues (IceCv)
  6 spiny frogs
  An orange demon (IceCv)
  5 rime drakes
  6 komodo dragons
  2 yaktaurs
  7 ice devils (IceCv)
  3 trolls
  2 large abominations (Gauntlet)
  7 dream sheep
  8 hippogriffs
  13 blink frogs
  A shadow (D:8)
  A redback (Lair:4)
  A wyvern (Lair:1)
  7 spriggans (Lair:6)
  34 yaks
  Menkaure (D:6)
  3 basilisks
  A steam dragon (D:8)
  9 water moccasins
  9 porcupines
  2 black bears
  6 orc warriors (D:10)
  2 sky beasts
  3 ice beasts
  An eye of draining (Lair:1)
  2 ogres
  9 centaurs
  3 boggarts (Lair:6)
  41 wolves
  18 crocodiles
  6 big kobolds
  7 bullfrogs
  An elf zombie (Ossuary)
  A gnoll sergeant (D:10)
  2 wyvern zombies
  A wyvern skeleton (D:6)
  3 scorpions
  4 wights (D:10)
  3 killer bees (D:7)
  A vampire bat (D:4)
  A howler monkey (D:6)
  An electric eel (D:10)
  A centaur zombie (Ossuary)
  4 crimson imps
  3 small abominations (Gauntlet)
  3 jellies
  A bullfrog zombie (D:9)
  3 centaur skeletons
  12 orc wizards
  2 bullfrog skeletons (D:7)
  2 orc priests
  8 hounds
  A gnoll shaman (D:4)
  Jessica (D:2)
  Terence (D:2)
  2 iguanas (D:10)
  Natasha (twice) (D:3)
  2 spriggan simulacra (IceCv)
  5 worker ants
  3 troll simulacra (IceCv)
  A big kobold zombie (Ossuary)
  3 centaur simulacra (IceCv)
  2 hound skeletons
  2 mummies (Ossuary)
  11 gnolls
  2 ogre simulacra (IceCv)
  9 adders
  3 river rats (Sewer)
  An ooze (D:6)
  2 adder zombies
  An adder skeleton (D:8)
  A worm (D:4)
  2 dart slugs
  5 leopard geckos
  30 orcs
  2 bat skeletons (D:4)
  2 bat zombies (D:4)
  10 giant cockroaches
  8 goblins
  6 hobgoblins (D:1)
  29 jackals
  6 quokkas
  3 ball pythons
  9 bats
  3 frilled lizards
  2 goblin zombies (Ossuary)
  10 hobgoblin zombies (Ossuary)
  3 jackal zombies (Ossuary)
  13 kobolds
  9 kobold zombies (Ossuary)
  A leopard gecko zombie (D:6)
  6 orc zombies (Ossuary)
  A quokka zombie (D:9)
  10 rats
  2 rat zombies (Ossuary)
  4 fungi
  6 plants
553 creatures vanquished.

Vanquished Creatures (collateral kills)
  A two-headed ogre (D:9)
  A komodo dragon (Lair:6)
  A polar bear (Lair:5)
  6 dream sheep (Lair:6)
  A water moccasin (Lair:6)
  2 wolves (Lair:6)
  2 ogres (D:10)
  A wight (D:10)
15 creatures vanquished.

Vanquished Creatures (others)
  A spriggan (Lair:6)
  A wizard (D:9)
  2 hornets (Lair:6)
  5 dancing weapons (D:10)
  A wolf (Lair:6)
  An electric eel (D:10)
  A ball lightning (Lair:6)
  A leopard gecko (D:10)
  An orc (D:10)
  4 fungi
  6 plants
24 creatures vanquished.

Grand Total: 592 creatures vanquished

Notes
Turn   | Place    | Note
-------+----------+-------------------------------------------
     0 | D:1      | Partyfoot the Kobold Enchanter began the quest for the Orb.
     0 | D:1      | Reached XP level 1. HP: 10/10 MP: 3/3
   267 | D:1      | Reached XP level 2. HP: 5/16 MP: 5/5
   608 | D:1      | Learned a level 2 spell: Ensorcelled Hibernation
   642 | D:1      | Reached XP level 3. HP: 20/20 MP: 6/6
   795 | D:1      | Reached skill level 1 in Fighting
  2168 | D:2      | Found a radiant altar of Vehumet.
  2201 | D:2      | Reached XP level 4. HP: 25/25 MP: 4/7
  2258 | D:2      | Noticed Terence
  2284 | D:2      | Killed Terence
  2284 | D:2      | Reached skill level 1 in Ice Magic
  2289 | D:2      | Learned a level 3 spell: Tukima's Dance
  2531 | D:2      | Noticed Jessica
  2551 | D:2      | Killed Jessica
  2551 | D:2      | Reached skill level 5 in Stealth
  2551 | D:2      | Reached XP level 5. HP: 11/30 MP: 1/9
  3464 | D:3      | Noticed Natasha
  3480 | D:3      | Killed Natasha
  3544 | D:3      | Reached XP level 6. HP: 16/35 MP: 10/10
  3626 | D:3      | Noticed Natasha
  3736 | D:3      | Killed Natasha
  4023 | D:3      | Found a sparkling altar of Nemelex Xobeh.
  4023 | D:3      | Found an opulent altar of Gozag.
  4030 | D:3      | Became a worshipper of Nemelex Xobeh the Trickster
  4044 | D:3      | Received a gift from Nemelex Xobeh
  4490 | D:4      | Learned a level 3 spell: Confuse
  4548 | D:4      | Found an ancient bone altar of Kikubaaqudgha.
  4690 | D:4      | Noticed a phantom
  4927 | D:4      | Reached skill level 1 in Invocations
  4927 | D:4      | Reached XP level 7. HP: 21/40 MP: 1/11
  5101 | D:4      | Reached * piety under Nemelex Xobeh
  5236 | D:4      | Found a sacrificial altar of Ru.
  5299 | D:4      | Found an iron altar of Okawaru.
  5301 | D:4      | Found a snail-covered altar of Cheibriados.
  5302 | D:4      | Found a white marble altar of Elyvilon.
  5386 | D:4      | Found a glowing silver altar of Zin.
  5393 | D:4      | Found a stormy altar of Qazlal.
  5548 | D:5      | Entered Level 5 of the Dungeon
  5575 | D:5      | Found a sand-covered staircase.
  5580 | Ossuary  | Entered an ossuary
  6331 | Ossuary  | Gained mutation: Your magical capacity is low. (-10% MP)
                  | [potion of mutation]
  6331 | Ossuary  | Gained mutation: You are occasionally teleported next to
                  | monsters. [potion of mutation]
  6331 | Ossuary  | Gained mutation: Your mind is acute. (Int +2) [potion of
                  | mutation]
  6333 | Ossuary  | Lost mutation: Your mind is acute. (Int +2) [potion of
                  | mutation]
  6333 | Ossuary  | Lost mutation: Your magical capacity is low. (-10% MP)
                  | [potion of mutation]
  6333 | Ossuary  | Lost mutation: You are occasionally teleported next to
                  | monsters. [potion of mutation]
  6333 | Ossuary  | Gained mutation: Your body sometimes deteriorates upon
                  | taking damage. [potion of mutation]
  6333 | Ossuary  | Gained mutation: You have a pair of small horns on your
                  | head. [potion of mutation]
  6333 | Ossuary  | Gained mutation: You have supernaturally acute eyesight.
                  | (SInv) [potion of mutation]
  6401 | D:5      | Noticed a water moccasin
  6409 | D:5      | Killed a water moccasin
  6409 | D:5      | Reached XP level 8. HP: 46/46 MP: 9/12
  6435 | D:5      | Found a deep blue altar of Sif Muna.
  6450 | D:5      | Lost mutation: Your body sometimes deteriorates upon taking
                  | damage. [potion of mutation]
  6450 | D:5      | Lost mutation: You have a pair of small horns on your head.
                  | [potion of mutation]
  6450 | D:5      | Lost mutation: You have supernaturally acute eyesight.
                  | (SInv) [potion of mutation]
  6450 | D:5      | Gained mutation: Your mind is acute. (Int +2) [potion of
                  | mutation]
  6450 | D:5      | Gained mutation: You have a beak for a mouth. [potion of
                  | mutation]
  6450 | D:5      | Gained mutation: You are surrounded by a mild repulsion
                  | field. (EV +2) [potion of mutation]
  6481 | D:5      | Received a gift from Nemelex Xobeh
  6551 | D:5      | Reached ** piety under Nemelex Xobeh
  6680 | D:5      | Found a snail-covered altar of Cheibriados.
  6764 | D:5      | Found a staircase to the Ecumenical Temple.
  6799 | D:6      | Received a gift from Nemelex Xobeh
  6936 | D:6      | Reached skill level 5 in Short Blades
  6947 | D:6      | Found a glowing drain.
  6967 | Sewer    | Entered a sewer
  7147 | Sewer    | Found a white marble altar of Elyvilon.
  7595 | D:6      | Noticed Menkaure
  7629 | D:6      | Killed Menkaure
  7896 | D:6      | Found the +2 cloak of the Thief {+Fog Slay-2 SInv Stlth+}
  7968 | D:7      | Reached XP level 9. HP: 52/52 MP: 12/15
  8027 | D:7      | Received a gift from Nemelex Xobeh
  8352 | D:7      | Found a large runed translucent door.
  8352 | D:7      | Found a large runed translucent door.
  8353 | D:7      | Noticed waywinkle's ghost (novice DsNe)
  8484 | D:7      | Reached skill level 5 in Hexes
  8506 | D:7      | Reached skill level 1 in Shields
  8672 | D:7      | Reached *** piety under Nemelex Xobeh
  8717 | D:7      | Received a gift from Nemelex Xobeh
  9682 | D:6      | Learned a level 2 spell: Swiftness
 10400 | D:8      | Reached skill level 1 in Air Magic
 10400 | D:8      | Reached XP level 10. HP: 58/58 MP: 17/17
 10441 | D:8      | Noticed Joseph
 10461 | D:8      | Killed Joseph
 10461 | D:8      | Reached skill level 1 in Charms
 10744 | D:8      | Reached skill level 5 in Invocations
 11428 | D:8      | Noticed a three-headed hydra
 11642 | D:8      | Killed a three-headed hydra
 11878 | D:8      | Reached XP level 11. HP: 57/62 MP: 18/18
 11993 | D:8      | Found a shimmering altar of Xom.
 11994 | D:8      | Found a burning altar of Makhleb.
 12163 | D:9      | Received a gift from Nemelex Xobeh
 12331 | D:9      | Reached skill level 5 in Spellcasting
 12504 | D:9      | Reached skill level 5 in Shields
 12510 | D:9      | Found a basalt altar of Yredelemnul.
 12558 | D:9      | Reached skill level 10 in Stealth
 12840 | D:9      | Reached skill level 5 in Fighting
 12945 | D:9      | Noticed a two-headed ogre
 12992 | D:9      | Killed a two-headed ogre
 13368 | D:9      | Found a bloodstained altar of Trog.
 13369 | D:9      | Noticed a wizard
 13375 | D:9      | Killed a wizard
 13476 | D:10     | Entered Level 10 of the Dungeon
 13491 | D:10     | Received a gift from Nemelex Xobeh
 13798 | D:10     | Noticed Harold
 13799 | D:10     | Found a sparkling altar of Nemelex Xobeh.
 13814 | D:10     | Killed Harold
 13884 | D:10     | Reached **** piety under Nemelex Xobeh
 13958 | D:10     | HP: 1/64 [orc priest/divine providence (15)]
 14524 | D:10     | Noticed Sonja
 14526 | D:10     | Upgraded the game from 0.24-a0-246-gb963c9a to
                  | 0.24-a0-249-g2af7e83
 14647 | D:10     | Killed Sonja
 14846 | D:10     | Found a staircase to the Lair.
 15387 | D:10     | Received a gift from Nemelex Xobeh
 15459 | D:10     | Killed an unseen horror
 15459 | D:10     | Reached XP level 12. HP: 24/69 MP: 17/20
 16410 | D:10     | Found a staircase to the Orcish Mines.
 16614 | Lair:1   | Entered Level 1 of the Lair of Beasts
 16870 | Lair:1   | Found a gate leading to a gauntlet.
 16879 | Gauntlet | Entered a Gauntlet
 16879 | Gauntlet | Found a transporter.
 16882 | Gauntlet | Found a transporter.
 16898 | Gauntlet | Found a transporter.
 16902 | Gauntlet | Found a transporter.
 16908 | Gauntlet | Noticed a death yak
 16910 | Gauntlet | Noticed a death yak
 16912 | Gauntlet | Noticed a death yak
 16914 | Gauntlet | Noticed a death yak
 16918 | Gauntlet | Noticed a death yak
 16920 | Gauntlet | Found a transporter.
 16933 | Gauntlet | Found a transporter.
 16944 | Gauntlet | Noticed a cacodemon
 16946 | Gauntlet | Found a transporter.
 16948 | Gauntlet | Found a transporter.
 16952 | Gauntlet | Found a transporter.
 16953 | Gauntlet | Found a transporter.
 16953 | Gauntlet | Found a transporter.
 16953 | Gauntlet | Noticed a blizzard demon
 16953 | Gauntlet | Noticed a wretched star
 16961 | Gauntlet | Found a transporter.
 17199 | Gauntlet | Got a heavily runed copper amulet
 17203 | Gauntlet | Got a warped marble ring
 17228 | Gauntlet | Reached skill level 5 in Dodging
 17404 | Gauntlet | Identified the amulet of Budet {RegenMP rC+ rN+ Str-4} (You
                  | found it in a Gauntlet)
 17405 | Gauntlet | Identified the ring of Noon {+Inv rC+ rN+ AC+2 Slay+2
                  | Stlth-} (You found it in a Gauntlet)
 17438 | Gauntlet | Noticed a minotaur
 17473 | Gauntlet | Killed a minotaur
 18339 | Lair:1   | Reached skill level 10 in Short Blades
 18339 | Lair:1   | Reached skill level 1 in Evocations
 19251 | Lair:2   | Reached XP level 13. HP: 75/76 MP: 22/22
 19509 | Lair:2   | Reached skill level 5 in Evocations
 19759 | Lair:2   | Received a gift from Nemelex Xobeh
 20201 | Lair:3   | Found a staircase to the Snake Pit.
 20217 | Lair:3   | Noticed a catoblepas
 20286 | Lair:3   | Killed a catoblepas
 20404 | Lair:3   | Found a staircase to the Shoals.
 20533 | Lair:3   | Reached skill level 10 in Invocations
 20801 | Lair:3   | Learned a level 5 spell: Metabolic Englaciation
 20884 | Lair:3   | Received a gift from Nemelex Xobeh
 21131 | Lair:4   | Reached ***** piety under Nemelex Xobeh
 21154 | Lair:4   | Found a frozen archway.
 21176 | IceCv    | Entered an ice cave
 23478 | IceCv    | Found the +7 mace of Variability {chain chaos}
 23500 | IceCv    | Got a faintly glowing dagger
 23507 | IceCv    | Identified the +10 dagger "Jereewumm" {freeze, rC+} (You
                  | found it in an ice cave)
 23717 | Lair:4   | Received a gift from Nemelex Xobeh
 23914 | Lair:4   | Received a gift from Nemelex Xobeh
 24417 | Lair:4   | Reached XP level 14. HP: 76/84 MP: 24/24
 24852 | Lair:5   | Received a gift from Nemelex Xobeh
 25069 | Lair:5   | Got a clouded brass ring
 25070 | Lair:5   | Identified the ring "Bypeujun" {rCorr Str+4} (You found it
                  | on level 5 of the Lair of Beasts)
 25423 | Lair:5   | Received a gift from Nemelex Xobeh
 25764 | Lair:6   | Entered Level 6 of the Lair of Beasts
 25803 | Lair:6   | Noticed Urug
 26112 | Lair:6   | Received a gift from Nemelex Xobeh
 26130 | Lair:6   | Reached skill level 5 in Ice Magic
 26273 | Lair:6   | Reached skill level 10 in Evocations
 26358 | Lair:6   | Noticed Kirke
 26359 | Lair:6   | Killed Urug
 26401 | Lair:5   | Slain by a wyvern

Levels and vault maps discovered:
D:1:      dpeg_arrival_connections, layout_basic
D:2:      layout_rooms, vehumet_crystals, minmay_indecisive_spiral,
          uniq_jessica, uniq_terence
D:3:      layout_basic, grunt_temple_overflow_opulence, minmay_misc_feat_cross,
          uniq_natasha
D:4:      layout_loops_ring, chequers_temple_overflow_statue_of_worship,
          minitemple, kennysheep_vampire_church
D:5:      layout_rooms, led_sif_book, temple_hall, first_ration,
          enter_ossuary_2, minmay_crystal_room, cheibriados_altar_1
D:6:      layout_basic, portal_sewer_entry_a, hangedman_decor_slide_cut,
          minmay_a_box_with_orc_wizards_in_it, uniq_menkaure
D:7:      layout_gridville, ebering_ghost_disaster_area
D:8:      layout_rooms, grunt_temple_overflow_champion_of_chaos, hangedman_ranch
          [blue_anna_fruit_fields], uniq_joseph
D:9:      layout_roguey, basic_altar, kennysheep_pointless_box, minivault_24,
          trog_wizard
D:10:     layout_basic, erik_lair_island,
          kennysheep_orc_monster_closet_entryway, nemelex_altar_shiori,
          uniq_sonja, uniq_harold
Lair:1:   beast_lair_carwin_large_2, layout_small_grid, gauntlet_entry_generic,
          st_stairs_12, nzn_random_ring, infiniplex_staircase_pool_2
Lair:2:   layout_chaotic_city
Lair:3:   layout_misc_corridors, minmay_shoals_entry_centaurs,
          dummy_snake_entry, grunt_megastairs_4
Lair:4:   layout_hall_layers, portal_ice_cave_rime, serial_bayou_shore_b
Lair:5:   layout_loops_ring, lemuel_fruit_tree
Lair:6:   minmay_lair_end_enchanted_forest, layout_small_grid,
          minmay_slime_entry_oklob_enclosed, uniq_urug, uniq_kirke
Sewer:    sewer_kobolds
Ossuary:  ossuary_tomb_1
IceCv:    ice_cave_tombish
Gauntlet: minmay_gauntlet_mixed_oops_all_seconds
          [minmay_gauntlet_arena_77_checkered, nicolae_gauntlet_swirl,
          minmay_gauntlet_arena_77_terracotta_army, nicolae_gauntlet_arena_x,
          minmay_gauntlet_arena_77_block_sizes, gammafunk_gauntlet_arena_grid,
          gauntlet_exit_spiral]

Skill      XL: |  1  2  3  4  5  6  7  8  9 10 11 12 13 14 |
---------------+-------------------------------------------+-----
Short Blades   | 2 3 4 5 6 8 9 10 11 | 11.2
Fighting       | 1 2 3 4 5 7 8 9 |  9.6
Ice Magic      | 1 2 3 5 |  5.4
Stealth        | 5 6 7 8 9 10 11 | 11.2
Spellcasting   | 3 4 5 6 7 8 |  8.1
Invocations    | 1 2 3 4 5 7 9 10 | 10.0
Hexes          | 4 5 6 7 |  7.1
Dodging        | 3 4 6 8 9 |  9.4
Shields        | 2 4 5 |  5.6
Air Magic      | 1 3 |  3.1
Charms         | 2 3 |  3.0
Evocations     | 3 8 10 | 10.6

Action                   |  1- 3 |  4- 6 |  7- 9 | 10-12 | 13-15 || total
-------------------------+-------+-------+-------+-------+-------++-------
Melee: Dagger            |   168 |   287 |   423 |   845 |   731 ||  2454
       Peck              |       |       |    46 |   152 |   253 ||   451
       Rapier            |       |       |    12 |    55 |   485 ||   552
Throw: Stone             |       |       |     1 |     4 |     7 ||    12
 Cast: Ensorcelled Hiber |     2 |     9 |    11 |    47 |    22 ||    91
       Corona            |       |     1 |     2 |       |       ||     3
       Confuse           |       |       |    12 |    10 |     3 ||    25
       Tukima's Dance    |       |       |       |    20 |       ||    20
       Swiftness         |       |       |       |       |     1 ||     1
Invok: Deal Four         |       |       |       |     1 |     2 ||     3
 Abil: Draw Destruction  |       |       |     1 |    14 |    11 ||    26
       Draw Escape       |       |       |       |       |     2 ||     2
       Draw Summoning    |       |       |       |       |     4 ||     4
       Evoke Invisibilit |       |       |       |       |     2 ||     2
Evoke: Wand              |       |       |       |       |    31 ||    31
  Use: Scroll            |       |       |    18 |     7 |    15 ||    40
       Potion            |       |       |     7 |    14 |     3 ||    24
 Stab: Sleeping          |     6 |    10 |    17 |    35 |    24 ||    92
       Confused          |       |       |     9 |     3 |     1 ||    13
       Distracted        |       |       |     1 |     2 |     2 ||     5
       Petrifying        |       |       |       |       |     2 ||     2
       Petrified         |       |       |       |       |     1 ||     1
       Invisible         |       |       |       |       |     2 ||     2
  Eat: Chunk             |    13 |     9 |    19 |    29 |    24 ||    94
Armor: Robe              |    28 |    83 |       |       |       ||   111
       Leather armour    |       |     5 |    78 |    68 |       ||   151
       Skin              |       |       |       |    41 |       ||    41
       Troll leather arm |       |       |       |    20 |   140 ||   160
Dodge: Dodged            |   127 |   250 |   258 |   323 |   642 ||  1600
Block: Buckler           |       |       |    29 |   167 |   216 ||   412

Table legend:
 A = Non-vault XP
 B = Vault XP
 C = Vault XP percentage of total XP
 D = Non-vault monster count
 E = Vault monster count
 F = Vault count percentage of total count
                 A         B        C        D         E       F
            +---------+---------+-------+---------+---------+-------
      Total |   43332 |   25951 |  37.5 |     362 |     200 |  35.6
            +---------+---------+-------+---------+---------+-------
        D:1 |      68 |       0 |   0.0 |      25 |       0 |   0.0
        D:2 |      31 |      94 |  75.2 |      21 |       6 |  22.2
        D:3 |     122 |      33 |  21.3 |      23 |       1 |   4.2
        D:4 |     232 |      63 |  21.4 |      15 |       5 |  25.0
        D:5 |     240 |       0 |   0.0 |       6 |       0 |   0.0
        D:6 |     680 |     425 |  38.5 |      17 |      12 |  41.4
        D:7 |    1123 |       0 |   0.0 |      18 |       0 |   0.0
        D:8 |    2015 |    2726 |  57.5 |      43 |      10 |  18.9
        D:9 |    2861 |       0 |   0.0 |      31 |       0 |   0.0
       D:10 |    2012 |    3828 |  65.5 |      24 |      30 |  55.6
     Lair:1 |    4044 |    2902 |  41.8 |      23 |      17 |  42.5
     Lair:2 |    5170 |     153 |   2.9 |      24 |       1 |   4.0
     Lair:3 |    4329 |    1067 |  19.8 |      17 |       6 |  26.1
     Lair:4 |    5154 |     724 |  12.3 |      15 |       2 |  11.8
     Lair:5 |    7855 |     224 |   2.8 |      24 |       1 |   4.0
     Lair:6 |    7396 |    5701 |  43.5 |      36 |      32 |  47.1
      Sewer |       0 |     144 | 100.0 |       0 |      10 | 100.0
    Ossuary |       0 |     240 | 100.0 |       0 |      38 | 100.0
      IceCv |       0 |    5562 | 100.0 |       0 |      23 | 100.0
   Gauntlet |       0 |    2065 | 100.0 |       0 |       6 | 100.0
            +---------+---------+-------+---------+---------+-------
